 Dungeon Crawl Stone Soup version 0.28.0 (webtiles) character file.

Game seed: 5301236658826230142

65 murtidash the Chopper (level 3, -4/31 HPs)
             Began as a Minotaur Berserker on Feb 4, 2022.
             Was a Follower of Trog.
             Slain by Natasha (6 damage)
             ... on level 2 of the Dungeon.
             The game lasted 00:01:22 (1426 turns).

murtidash the Chopper (Minotaur Berserker)          Turns: 1426, Time: 00:01:23

Health: -4/31      AC:  2    Str: 23    XL:     3   Next: 92%
Magic:  2/2        EV: 12    Int:  4    God:    Trog [*.....]
Gold:   38         SH:  0    Dex:  9    Spells: 2/2 levels left

rFire   . . .      SeeInvis .   a - +0 hand axe
rCold   . . .      Faith    .   (no shield)
rNeg    . . .      Spirit   .   b - +0 animal skin
rPois   .          Reflect  .   (helmet restricted)
rElec   .          Harm     .   (no cloak)
rCorr   .          Rampage  .   (no gloves)
Will    .....                   (no boots)
Stlth   +.........              (no amulet)
HPRegen 0.10/turn               (no ring)
MPRegen 0.08/turn               (no ring)

@: lethally poisoned (-4 -> -6), on berserk cooldown, slowed, very slow
A: horns 2, retaliatory headbutt
a: Renounce Religion, Berserk


You were on level 2 of the Dungeon.
You worshipped Trog.
Trog was aware of your devotion.
You visited 1 branch of the dungeon, and saw 2 of its levels.

You collected 38 gold pieces.

Inventory:

Hand Weapons
 a - a +0 hand axe (weapon)
Missiles
 d - 3 throwing nets {=f, !d}
Armour
 b - a +0 animal skin (worn)
Scrolls
 c - 2 scrolls of teleportation
 e - a scroll of fear {unknown}
 f - a scroll of identify {@r1}


   Skills:
 - Level 3.6 Fighting
 + Level 5.9 Axes
 - Level 2.4 Armour
 - Level 2.1 Dodging


You had 2 spell levels left.
You didn't know any spells.
Your spell library contained the following spells:

 Spells                   Type           Power      Damage    Failure   Level
 Tukima's Dance           Hex            0%         N/A       86%         3
 Anguish                  Hex/Necr       0%         N/A       99%         4
 Enfeeble                 Hex            0%         N/A       100%        7


Dungeon Overview and Level Annotations

Branches:
Dungeon (2/15)

Altars:

Annotations:
D:2 Natasha


Innate Abilities, Weirdness & Mutations

You have a pair of horns on your head.
You reflexively headbutt those who attack you in melee.


Message History

No target in view!
No target in view!
You see here an adder corpse.
g - a silvery potion Health restored: 31 A goblin comes into view.
It is wielding a +0 club.
The goblin shouts!
The goblin barely misses you.
You closely miss the goblin. You headbutt the goblin.
You kill the goblin!
Trog accepts your kill.
No target in view!
No target in view!
No target in view!
No target in view!
No target in view!
No target in view!
Things that are here:
a +0 club; a goblin corpse A frilled lizard comes into view.
The frilled lizard hisses angrily.
A frilled lizard is nearby!
A goblin comes into view. It is wielding a +0 dagger.
The goblin shouts!
The frilled lizard barely misses you. You furiously retaliate!
You headbutt the frilled lizard!
You kill the frilled lizard!
Trog accepts your kill. The goblin hits you with a +0 dagger.
You take 3 damage, and have 28/31 hp.
You hit the goblin. Your headbutt misses the goblin.
The goblin barely misses you.
You barely miss the goblin. You headbutt the goblin.
You kill the goblin!
Trog accepts your kill.
No target in view!
No target in view!
No target in view!
f - 2 scrolls labelled JEROMNADIABE (gained 1) Natasha, Servant of Life and Death comes into view.
Found a stone staircase leading down.
Health restored: 31 A red film seems to cover your vision as you go berserk!
You feel yourself moving faster!
You feel mighty!
Natasha hisses angrily.
You hear an angry hiss. x2
Natasha casts a spell at you. You resist with significant effort.
You now have 46/46 hp.
You feel a strong urge to attack something.
An adder comes into view.
An adder comes into view.
The adder hisses angrily.
You feel your anger nearly subside.
You are no longer berserk.
You are exhausted.
You feel yourself slow down.
You now have 31/31 hp.
Natasha closely misses you. The adder closely misses you.
You furiously retaliate!
You headbutt the adder! Natasha casts a spell at you. The magic dart hits you.
You take 4 damage, and have 27/31 hp.
You barely miss the adder. Your headbutt misses the adder. You miss the adder.
You hit Natasha. The adder bites you but does no damage.
The adder closely misses you. You furiously retaliate!
You headbutt the adder! Natasha completely misses you.
The adder closely misses you. The adder bites you but does no damage.
You completely miss the adder. You barely miss the adder.
You barely miss Natasha. Natasha completely misses you.
The adder closely misses you. The adder barely misses you. x2
You furiously retaliate!
You headbutt the adder!
You kill the adder!
Trog accepts your kill. Natasha barely misses you. The adder bites you.
You take 5 damage, and have 22/31 hp.
You miss the adder. You barely miss Natasha. The adder misses you.
Natasha claws you. The adder bites you.
You are poisoned.
The adder poisons you!
You take 3 damage, and have 19/31 hp.
You are too injured to fight recklessly!
You are too injured to fight recklessly!
You are too injured to fight recklessly!
You are too injured to fight recklessly!
You are too injured to fight recklessly!
You are too injured to fight recklessly!
You are too injured to fight recklessly!
It was a potion of magic.
Magic courses through your body.
You feel sick. Natasha casts a spell at you. The magic dart hits you!
* * * LOW HITPOINT WARNING * * *
The adder completely misses you. Natasha claws you.
* * * LOW HITPOINT WARNING * * *
The adder barely misses you.
You take 15 damage, and have 4/31 hp.
MASSIVE DAMAGE!!
As you read the scroll labelled JEROMNADIABE, it crumbles to dust.
It is a scroll of identify.
c - 2 scrolls of teleportation
* * * LOW HITPOINT WARNING * * *
You feel sick. The adder barely misses you. Natasha claws you.
You die...

##### .#
....##########
....###.#........#
###......)######.#
.....##.### #.#
...####.# ##.##
........# #...#
....##### #...#
....####### #.@.#
....#.....##...Sh†...#
....#.....##.........#
.....)....##.....>...#
#.#.#.....#####....###
#.#.#.....# #....#
#.#.####### #....#
#.#.# #....# ....#


You could see Natasha and an adder.

Vanquished Creatures
  3 gnolls (D:2)
  2 adders (D:2)
  A dart slug (D:1)
  A bat (D:1)
  A giant cockroach (D:1)
  2 goblins (D:2)
  2 hobgoblins (D:1)
  2 quokkas (D:2)
  A ball python (D:1)
  A frilled lizard (D:2)
  A rat (D:2)
17 creatures vanquished.

Notes
Turn   | Place    | Note
-------+----------+-------------------------------------------
     0 | D:1      | murtidash the Minotaur Berserker began the quest for the
                  | Orb.
     0 | D:1      | Reached XP level 1. HP: 19/19 MP: 0/0
   151 | D:1      | Reached skill level 4 in Axes
   223 | D:1      | Found a faded altar of an unknown god.
   236 | D:1      | Reached XP level 2. HP: 26/26 MP: 1/1
   901 | D:2      | Reached skill level 5 in Axes
   901 | D:2      | Reached XP level 3. HP: 31/31 MP: 2/2
  1416 | D:2      | Noticed Natasha
  1425 | D:2      | HP: 4/31 [Natasha (4)]
  1426 | D:2      | Slain by Natasha

Illustrated notes

Levels and vault maps discovered:
D:1:      amcnicky_arrival_flooded_fountain, layout_rooms,
          chequers_ecumenical_altar_simple, serial_rivers,
          chequers_serial_rivers_micro_b, chequers_serial_rivers_room_a,
          chequers_serial_rivers_large_a, chequers_serial_rivers_micro_a,
          nicolae_concentric_dashed_squares_mild
D:2:      layout_loops_cross, uniq_natasha

Skill      XL: |  1  2 |
---------------+-------+-----
Axes           | 4 5 |  5.9
Fighting       | |  3.6
Armour         | |  2.4
Dodging        | |  2.1

Action                   || total
-------------------------++-------
Melee: Hand axe          ||    33
       Headbutt          ||     8
       Punch             ||     1
Invok: Berserk           ||     2
  Use: Scroll            ||     1
       Potion            ||     1
Armor: Animal skin       ||     5
Dodge: Dodged            ||    41

Table legend: (Time is in decaauts)
 A = Elapsed time spent in this place.
 B = Non-inter-level travel time spent in this place.
 C = Inter-level travel time spent in this place.
 D = Time resting spent in this place.
 E = Time spent auto-exploring this place.
 F = Levels seen in this place.
 G = Mean time per level.
                   A        B        C        D        E       F      G
               +--------+--------+--------+--------+--------+-----+--------+
         Total |   1454 |   1374 |     80 |    166 |   1089 |   2 |  727.0 |
       Dungeon |   1454 |   1374 |     80 |    166 |   1089 |   2 |  727.0 |
               +--------+--------+--------+--------+--------+-----+--------+

Top non-repeatable levels by time:
     D:1: 887 daAuts
     D:2: 566 daAuts

Table legend:
 A = Kills in this place as a percentage of kills in entire the game.
 B = Kills by you in this place as a percentage of kills by you in the entire game.
 C = Kills by friends in this place as a percentage of kills by friends in the entire game.
 D = Other kills in this place as a percentage of other kills in the entire game.
 E = Experience gained in this place as a percentage of experience gained in the entire game.
 F = Experience gained in this place divided by the number of levels of this place that you have seen.
                   A       B       C       D       E      F
               +-------+-------+-------+-------+-------+----------------------
         Total | 100.0 | 100.0 |   N/A |   N/A | 100.0 |  46.5
       Dungeon | 100.0 | 100.0 |   N/A |   N/A | 100.0 |  46.5
               +-------+-------+-------+-------+-------+----------------------
